 Dungeon Crawl Stone Soup version 0.30-b1-2-g02819fbbbe (webtiles) character file.

Game seed: 10013794183734599960

116541 ketsa the Warrior (level 16, 0/95 HPs)
             Began as a Vine Stalker Fighter on May 10, 2023.
             Was the Champion of Okawaru.
             Engulfed by a death drake's foul pestilence (6 damage)
             ... on level 2 of the Swamp on May 11, 2023.
             The game lasted 02:22:12 (27082 turns).

ketsa the Warrior (Vine Stalker Fighter)           Turns: 27082, Time: 02:22:13

Health: 0/95       AC: 28    Str: 19    XL:     16   Next: 71%
Magic:  0/25       EV: 20    Int:  4    God:    Okawaru [******]
Gold:   2068       SH: 11    Dex: 22    Spells: 15/15 levels left

rFire   + . .        s - +2 rapier (speed)
rCold   . . .        c - +0 buckler
rNeg    . . .        b - +8 chain mail of Dim Light {rF+ Int-4 Slay+5}
rPois   +            I - +1 helmet
rElec   .            x - +2 cloak
rCorr   .            V - +0 pair of gloves
SInv    .            a - +1 pair of boots {Fly}
Will    ++...        C - amulet of reflection Stlth
                     e - +5 ring of evasion
HPRegen 1.15/turn    E - ring of poison resistance
MPRegen 0.19/turn

%: reflection, guardian spirit
@: flying, slowed, very slow
A: fangs 3, regeneration 1, magic shield, antimagic bite, no potion heal 2
a: Renounce Religion, Heroism, Finesse, Duel


You were on level 2 of the Swamp.
You worshipped Okawaru.
Okawaru was exalted by your worship.
You visited 9 branches of the dungeon, and saw 31 of its levels.

You collected 2720 gold pieces.
You spent 652 gold pieces at shops.

Inventory:

Hand Weapons
 p - a +1 short sword of draining
 s - a +2 rapier of speed (weapon)
 S - a +1 dagger of electrocution
 T - the +8 rapier of the Dragonfly {speed, *Corrode Int+5}
   (Okawaru gifted it to you on level 4 of the Lair of Beasts)

   Int:       It affects your intelligence (+5).
   *Corrode:  It may corrode you when you take damage.
 W - a +1 dagger of flaming
 X - the +6 hand axe of the Equator {protect, rElec rPois}
   (Okawaru gifted it to you on level 2 of the Orcish Mines)

   rElec:     It insulates you from electricity.
   rPois:     It protects you from poison.
Missiles
 h - 4 throwing nets
 i - 6 atropa-tipped darts
 u - 3 datura-tipped darts
 y - 13 boomerangs (quivered)
 B - 55 poisoned darts
 M - 20 boomerangs of dispersal
Armour
 a - a +1 pair of boots of flying (worn)
 b - the +8 chain mail of Dim Light (worn) {rF+ Int-4 Slay+5}
   (Okawaru gifted it to you on level 12 of the Dungeon)

   Int:       It affects your intelligence (-4).
   Slay:      It affects your accuracy & damage with ranged weapons and melee
   (+5).
   rF:        It protects you from fire.
 c - a +0 buckler (worn)
 j - a +3 chain mail
 w - a +0 kite shield of reflection
 x - a +2 cloak (worn)
 F - a scarf of harm
 H - a +4 scale mail of cold resistance
 I - a +1 helmet (worn)
 V - a +0 pair of gloves (worn)
Jewellery
 e - a +5 ring of evasion (left hand)
 f - a ring of positive energy
 m - a ring of protection from cold
 n - a ring of see invisible
 r - an amulet of magic regeneration
 C - an amulet of reflection (around neck)
 E - a ring of poison resistance (right hand)
 G - a +5 ring of evasion
Wands
 g - a wand of flame (52)
 A - a wand of polymorph (9)
 K - a wand of mindburst (10)
 L - a wand of iceblast (12)
 P - a wand of paralysis (7)
 Z - a wand of light (5)
Scrolls
 l - 2 scrolls of identify
 o - 9 scrolls of teleportation
 t - a scroll of brand weapon
 N - 4 scrolls of fog
 O - 4 scrolls of enchant armour
 R - 2 scrolls of enchant weapon
 Y - a scroll of blinking
Potions
 d - 6 potions of might
 k - 14 potions of curing
 q - 4 potions of attraction
 v - 6 potions of ambrosia
 z - a potion of flight
 D - a potion of haste
 J - 3 potions of lignification
 Q - 2 potions of cancellation
 U - a potion of berserk rage


   Skills:
 + Level 15.2 Fighting
 - Level 10.0(10.1) Short Blades
 - Level 2.8(6.9) Long Blades
 - Level 5.0 Throwing
 + Level 8.8 Armour
 + Level 12.5 Dodging
 - Level 5.0 Shields
 - Level 1.0 Transmutations
 - Level 11.0 Invocations
 - Level 5.0 Evocations


You had 15 spell levels left.
You didn't know any spells.
Your spell library contained the following spells:

 Spells                   Type           Power      Damage    Failure   Level
 Beastly Appendage        Tmut           0%         N/A       96%         1
 Magic Dart               Conj           0%         1d3       99%         1
 Passwall                 Tmut/Erth      0%         N/A       99%         2
 Wereblood                Tmut           0%         N/A       99%         2
 Cigotuvi's Dreadful Rot  Necr/Pois/Air  0%         N/A       100%        2
 Ensorcelled Hibernation  Hex/Ice        0%         N/A       100%        2
 Poisonous Vapours        Pois/Air       0%         N/A       100%        2
 Searing Ray              Conj           0%         2d4       100%        2
 Static Discharge         Conj/Air       0%         2-2/arc   100%        2
 Ignite Poison            Fire/Tmut/Pois 0%         N/A       100%        3
 Mephitic Cloud           Conj/Pois/Air  0%         N/A       100%        3
 Portal Projectile        Hex/Tloc       0%         N/A       100%        3
 Spider Form              Tmut/Pois      0%         N/A       100%        3
 Swiftness                Air            0%         N/A       100%        3
 Airstrike                Air            0%         2d(0-16)  100%        4
 Fulminant Prism          Conj/Hex       0%         3d5       100%        4
 Leda's Liquefaction      Hex/Erth       0%         N/A       100%        4
 Freezing Cloud           Conj/Ice/Air   0%         6-21      100%        5
 Call Canine Familiar     Summ           Unusable   N/A       N/A         3
 Summon Lightning Spire   Summ/Air       Unusable   N/A       N/A         4

Dungeon Overview and Level Annotations

Branches:
Dungeon (15/15)            Temple (1/1) D:6            Lair (5/5) D:9
  Swamp (3/4) Lair:3        Snake (2/4) Lair:3        Slime (1/5) Lair:5
    Orc (2/2) D:9             Elf (1/3) Orc:2        Vaults (0/5) D:14
 Depths (1/4) D:15

Altars:
Ashenzari
Cheibriados
Dithmenos
Elyvilon
Fedhas
Gozag
Hepliaklqana
Kikubaaqudgha
Makhleb
Nemelex Xobeh
Okawaru
Qazlal
Ru
Sif Muna
Trog
Uskayaw
Vehumet
Wu Jian
Xom
Yredelemnul
Zin
The Shining One

Shops:
D:3 :   D:5 :   D:8 ((?:   Orc:2 ([=[

Annotations:
Lair:5 2 transporters, Raspi's ghost, journeyman MiBe


Innate Abilities, Weirdness & Mutations

You have razor-sharp teeth.
Your natural rate of healing is unusually fast.
When hurt, damage is shared between your health and your magic reserves.
Your bite disrupts and absorbs the magic of your enemies.
Potions cannot restore your health.


Message History

You barely miss the death drake. Your bite misses the death drake.
The death drake is heavily wounded.
You feel very sick. You block the death drake's attack.
You hit the death drake. Your bite misses the death drake.
The death drake is severely wounded.
You feel very sick. You block the death drake's attack.
You barely miss the death drake.
You bite the death drake, but do no damage.
The death drake is severely wounded.
You feel very sick. The death drake misses you.
You barely miss the death drake. You bite the death drake! You drain its power.
You feel invigorated.
The death drake is severely wounded.
You feel sick. The death drake bites you.
You hit the death drake. Your bite misses the death drake.
The death drake is almost dead.
You feel sick. The death drake closely misses you.
You barely miss the death drake.
The death drake is almost dead.
You feel sick.
You hit the death drake.
The death drake is almost dead.
You feel sick. The death drake breathes miasma at you.
The foul vapour engulfs you!
* * * LOW HITPOINT WARNING * * *
Your system rejects the healing.
You feel better.
You are engulfed in dark miasma.
You are poisoned.
* * * LOW HITPOINT WARNING * * *
x2 You feel extremely sick.
The death drake bites you.
* * * LOW HITPOINT WARNING * * *
The death drake closely misses you.
Your system rejects the healing.
You feel better.
You are engulfed in dark miasma.
You die...

♣~..♣ ♣..♣.♣.~~..♣♣♣♣[)♣♣♣.~♣♣♣
♣~♣..♣♣.♣♣..♣~~.♣♣ ♣♣.♣ ♣~~~♣
..~♣♣~~.♣.~...~~♣ ♣[♣♣♣~§♣♣
>~~♣~~.♣♣♣~~♣♣♣.♣ ♣♣.~♣§~~♣♣
~~~~~~~♣♣♣.~~~~.♣ ♣♣.....~..♣♣
.~♣~~~.♣♣..~♣~~~♣♣♣♣>...♣~~~..♣♣
~~§..~.♣♣.~.~..~.♣...~♣..~~~~..♣♣
.~~.~~♣...~.~♣~°°°°♣~~♣♣.§~~....♣
~~~~~~....~.~~~k@°~..♣♣♣.~~♣~~~.~
.~~.....~~~~~.°°°♣~<♣♣ ♣♣~~~.§~♣~
.~~♣.....♣~~~~~♣.~§.♣♣ ♣.~~..~.~
.~.♣♣...♣♣~§~..♣~~~..♣ ♣♣~.~~~.♣
...≈♣♣[♣♣≈~~~.♣♣.~~§.♣ ♣♣..~~♣♣
♣.≈≈≈♣.♣≈≈~~~..♣...~.♣ ♣.♣~.~♣
♣.≈≈.~[≈≈≈§....♣♣~~~.♣ ♣♣.~♣.♣
.≈≈♣..≈.≈≈≈♣§~○♣♣.~♣.♣♣ ♣.♣~♣♣
.≈≈..♣.≈≈≈≈~○k~♣♣~~♣..♣ ♣.~~♣


You could see a death drake.

Vanquished Creatures
  Frances (D:13)
  Donald (Swamp:2)
  Kirke (Lair:4)
  An orc warlord (Orc:1)
  Nessos (Orc:2)
  An eleionoma (Swamp:1)
  2 bunyips (Swamp:1)
  An ettin (Orc:2)
  A fire dragon (Lair:5)
  Harold (D:10)
  2 shambling mangroves
  7 hydras
  2 rakshasas (D:13)
  4 vault guards (D:14)
  2 ogre magi
  A death knight (D:13)
  10 two-headed ogres
  3 death yaks (Lair:3)
  5 centaur warriors
  3 alligators
  A tengu warrior (D:14)
  A naga warrior (Snake:1)
  3 boulder beetles
  3 shock serpents
  2 naga sharpshooters (Snake:1)
  An orc high priest (Orc:2)
  A hell knight (D:15)
  4 skeletal warriors (D:13)
  2 fire crabs
  Lodul (D:11)
  3 deep trolls
  2 goliath frogs
  3 deep elf pyromancers
  A wizard (D:14)
  A harpy (shapeshifter) (D:14)
  4 swamp dragons
  An orc knight (Orc:2)
  A necromancer (D:15)
  2 mana vipers
  7 ugly things
  3 orc sorcerers (Orc:2)
  6 elephants (Lair:5)
  A manticore (shapeshifter) (D:15)
  A salamander (Snake:1)
  5 cyclopes
  4 manticores
  6 black mambas
  A guardian serpent (Snake:1)
  A torpor snail (Lair:5)
  A gargoyle (D:12)
  9 cane toads
  2 rime drakes
  A yaktaur (D:15)
  8 komodo dragons
  Psyche (D:9)
  3 kobold demonologists
  2 tengu conjurers
  3 meliai (D:14)
  The ghost of phunky83 the Chopper, an amateur MiFi of Ashenzari (D:4)
  4 polar bears
  12 trolls
  9 hornets
  12 blink frogs
  5 dream sheep (Lair:4)
  7 tyrant leeches
  Sigmund (D:5)
  A centaur simulacrum (D:14)
  23 slime creatures
  36 yaks
  7 wyverns
  A vampire (D:11)
  8 spriggans
  4 water elementals (D:13)
  3 wraiths
  6 humans
  2 hogs (Lair:4)
  7 basilisks
  2 steam dragons (Lair:5)
  5 vampire mosquitoes
  4 wargs
  Menkaure (D:5)
  13 nagas
  8 swamp worms
  4 acid dragons
  14 water moccasins
  2 ice beasts (D:8)
  25 orc warriors
  2 swamp drakes
  A meliai simulacrum (D:14)
  30 ogres
  4 black bears
  A sky beast (D:7)
  14 centaurs
  A swamp dragon skeleton (Swamp:2)
  2 phantoms
  19 wolves
  9 kobold brigands
  12 bullfrogs
  A cane toad simulacrum (D:13)
  A gnoll sergeant (D:7)
  4 scorpions
  A two-headed ogre simulacrum (D:13)
  7 wights
  An elephant simulacrum (D:13)
  11 killer bees
  6 howler monkeys
  4 electric eels
  A crimson imp (D:8)
  2 gnoll boudas
  26 orc priests
  7 hounds
  13 jellies
  8 iguanas
  A sleepcap (D:4)
  Jessica (D:2)
  31 orc wizards
  7 hell rats (D:9)
  A polar bear simulacrum (D:13)
  A troll simulacrum (D:13)
  Robin (D:2)
  20 gnolls
  9 adders
  3 naga simulacra (D:13)
  An ufetubus (D:6)
  3 worms
  2 dart slugs
  82 orcs
  6 bats
  7 endoplasms
  2 giant cockroaches (D:2)
  10 goblins
  8 hobgoblins
  9 jackals
  48 kobolds
  6 quokkas
  10 ball pythons
  3 frilled lizards (D:1)
  2 goblin zombies (D:8)
  2 hobgoblin zombies (D:8)
  4 kobold skeletons (D:8)
  A kobold zombie (D:8)
  An orc skeleton (D:8)
  3 orc zombies (D:8)
  2 rats (D:1)
  A bush (D:8)
855 creatures vanquished.

Vanquished Creatures (others)
  An ogre mage (Orc:2)
  A swamp dragon (Swamp:2)
  2 bloated husks (Swamp:2)
  An orc priest (Orc:2)
  An orc (Orc:2)
  A kobold (D:11)
  24 fungi
  123 plants
  5 withered plants (D:3)
159 creatures vanquished.

Grand Total: 1014 creatures vanquished

Notes
Turn   | Place    | Note
-------+----------+-------------------------------------------
     0 | D:1      | ketsa the Vine Stalker Fighter began the quest for the Orb.
     0 | D:1      | Reached XP level 1. HP: 11/11 MP: 2/2
   197 | D:1      | Reached XP level 2. HP: 16/16 MP: 3/3
   625 | D:1      | Reached skill level 3 in Fighting
  1069 | D:1      | Reached XP level 3. HP: 20/20 MP: 4/4
  1288 | D:2      | Noticed Robin
  1297 | D:2      | Gained mutation: Your natural rate of healing is unusually
                  | fast. [Vine Stalker growth]
  1297 | D:2      | Reached XP level 4. HP: 24/24 MP: 5/5
  1303 | D:2      | Killed Robin
  1472 | D:2      | Noticed Jessica
  1481 | D:2      | Killed Jessica
  1605 | D:2      | Reached XP level 5. HP: 28/28 MP: 6/6
  2044 | D:3      | Found Atwurey's Book Shoppe.
  2290 | D:3      | Found a faded altar of an unknown god.
  2528 | D:4      | Noticed a black bear
  2539 | D:3      | Killed a black bear
  2540 | D:3      | Reached skill level 4 in Fighting
  2540 | D:3      | Reached skill level 5 in Short Blades
  2540 | D:3      | Reached XP level 6. HP: 33/33 MP: 7/7
  2650 | D:4      | Noticed phunky83's ghost (amateur MiFi)
  3048 | D:4      | Found a transporter.
  3051 | D:4      | Found a transporter.
  3472 | D:5      | Entered Level 5 of the Dungeon
  3481 | D:5      | Reached XP level 7. HP: 31/38 MP: 8/8
  3504 | D:5      | Noticed Menkaure
  3851 | D:5      | Killed Menkaure
  3852 | D:5      | Reached skill level 5 in Fighting
  4049 | D:5      | Gained mutation: You have razor-sharp teeth. [Vine Stalker
                  | growth]
  4049 | D:5      | Reached XP level 8. HP: 43/43 MP: 9/9
  4175 | D:5      | Found Zixoisch's Book Boutique.
  4272 | D:5      | Noticed Sigmund
  4692 | D:7      | HP: 2/44 [gnoll sergeant/+0 spear of venom (2)]
  4696 | D:7      | Reached skill level 6 in Fighting
  4998 | D:7      | Reached XP level 9. HP: 49/49 MP: 10/10
  5018 | D:7      | Reached skill level 1 in Dodging
  6030 | D:6      | Found a staircase to the Ecumenical Temple.
  6051 | Temple   | Entered the Ecumenical Temple
  6197 | Temple   | Became a worshipper of Warmaster Okawaru
  6499 | D:6      | Reached skill level 7 in Fighting
  6891 | D:8      | Reached * piety under Okawaru
  6899 | D:8      | Found Huock's Magic Scroll Shop.
  6905 | D:8      | Bought a scroll of enchant armour for 97 gold pieces
  6905 | D:8      | Bought a scroll of identify for 26 gold pieces
  6919 | D:8      | Found Usupass's Book Boutique.
  7039 | D:8      | Reached XP level 10. HP: 55/55 MP: 11/11
  7291 | D:8      | Found a glowing golden altar of the Shining One.
  7397 | D:8      | Found Diosifoq's Weapon Shoppe.
  7477 | D:8      | Reached skill level 10 in Short Blades
  7628 | D:8      | Found an ancient bone altar of Kikubaaqudgha.
  7628 | D:8      | Found a burning altar of Makhleb.
  7628 | D:8      | Found a shimmering altar of Xom.
  7628 | D:8      | Found a broken altar of Ashenzari.
  7636 | D:8      | Found a snail-covered altar of Cheibriados.
  7640 | D:8      | Found a stormy altar of Qazlal.
  7678 | D:8      | Found Urisueprixt's Weapon Emporium.
  7824 | D:8      | Reached skill level 5 in Shields
  8221 | D:9      | Reached ** piety under Okawaru
  8222 | D:9      | Found a staircase to the Lair.
  8223 | D:9      | Noticed a fire crab
  8287 | D:9      | Found a staircase to the Orcish Mines.
  8499 | D:9      | Killed a fire crab
  8500 | D:9      | Reached skill level 8 in Fighting
  8840 | D:9      | Found an opulent altar of Gozag.
  8900 | D:9      | Reached *** piety under Okawaru
  8901 | D:9      | Reached skill level 5 in Dodging
  9129 | D:9      | Noticed Psyche
  9136 | D:9      | Killed Psyche
  9470 | D:10     | Entered Level 10 of the Dungeon
  9555 | D:10     | Reached skill level 1 in Throwing
  9555 | D:10     | Reached skill level 1 in Evocations
  9602 | D:10     | Noticed Harold
  9644 | D:9      | Reached XP level 11. HP: 60/60 MP: 12/12
  9660 | Lair:1   | Entered Level 1 of the Lair of Beasts
  9707 | D:9      | Reached skill level 9 in Fighting
 10175 | Lair:1   | Reached **** piety under Okawaru
 11042 | Lair:2   | Reached ***** piety under Okawaru
 11048 | Lair:2   | Reached skill level 1 in Invocations
 11292 | Lair:2   | Noticed a four-headed hydra
 11492 | Lair:3   | Noticed a death yak
 11493 | Lair:3   | Noticed a death yak
 11567 | Lair:2   | Noticed a fire crab
 11575 | Lair:2   | Killed a fire crab
 11775 | Lair:2   | Reached skill level 10 in Fighting
 11833 | Lair:2   | Received a gift from Okawaru
 11924 | Lair:2   | Found the +5 Force Lance {heavy, knockback}
 12022 | Lair:2   | Reached XP level 12. HP: 67/67 MP: 14/16
 12181 | Lair:3   | Found a staircase to the Snake Pit.
 12217 | Snake:1  | Entered Level 1 of the Snake Pit
 12220 | Snake:1  | Noticed a naga sharpshooter
 12400 | Lair:3   | Reached skill level 5 in Invocations
 12585 | Lair:3   | Noticed a death yak
 12651 | Lair:3   | Killed a death yak
 12689 | Lair:3   | Found a staircase to the Swamp.
 12856 | Lair:3   | Killed a death yak
 12907 | Lair:3   | Killed a death yak
 13045 | Swamp:1  | Entered Level 1 of the Swamp
 13671 | Lair:4   | Received a gift from Okawaru
 13694 | Lair:4   | Reached ****** piety under Okawaru
 13776 | Lair:4   | You are sucked into a shaft and drop 1 floor!
 13776 | Lair:5   | Entered Level 5 of the Lair of Beasts
 13776 | Lair:5   | Found a staircase to the Slime Pits.
 13807 | Lair:5   | Noticed a catoblepas
 13988 | Lair:4   | Noticed Kirke
 14025 | Lair:4   | Killed Kirke
 14026 | Lair:4   | Reached XP level 13. HP: 66/72 MP: 18/20
 14484 | Lair:4   | Identified the +8 rapier of the Dragonfly {speed, *Corrode
                  | Int+5} (Okawaru gifted it to you on level 4 of the Lair of
                  | Beasts)
 14484 | Lair:4   | Received a gift from Okawaru
 14670 | Slime:1  | Entered Level 1 of the Pits of Slime
 14670 | Slime:1  | Noticed a rockslime
 14704 | Lair:4   | Reached skill level 1 in Long Blades
 14842 | D:10     | Killed Harold
 15094 | D:10     | Found a white marble altar of Elyvilon.
 15887 | D:11     | Received a gift from Okawaru
 15887 | D:11     | Noticed Lodul
 15909 | D:11     | Killed Lodul
 16053 | D:11     | Received a gift from Okawaru
 16499 | D:11     | Reached skill level 10 in Dodging
 16791 | D:12     | Identified the +8 chain mail of Dim Light {rF+ Int-4
                  | Slay+5} (Okawaru gifted it to you on level 12 of the
                  | Dungeon)
 16791 | D:12     | Received a gift from Okawaru
 16792 | D:12     | Reached skill level 10 in Invocations
 16968 | D:12     | Reached skill level 11 in Fighting
 17304 | D:13     | Noticed a rakshasa
 17439 | D:13     | Noticed a rakshasa
 17586 | D:13     | Reached XP level 14. HP: 39/79 MP: 20/22
 17666 | D:13     | Reached skill level 12 in Fighting
 18038 | D:13     | Noticed Frances
 18349 | D:13     | Killed Frances
 18349 | D:13     | Received a gift from Okawaru
 18350 | D:13     | Reached skill level 13 in Fighting
 18403 | D:13     | You are sucked into a shaft and drop 1 floor!
 18595 | D:14     | Found a gate to the Vaults.
 18976 | D:13     | Reached skill level 14 in Fighting
 19310 | D:14     | Identified the +0 robe of Hysteria {rC+ Int+2}
 19428 | D:14     | Received a gift from Okawaru
 20072 | D:14     | Found an ancient bone altar of Kikubaaqudgha.
 20346 | D:15     | Entered Level 15 of the Dungeon
 20413 | D:15     | Reached skill level 1 in Transmutations
 20447 | D:15     | Found a staircase to the Depths.
 20470 | D:15     | Reached XP level 15. HP: 88/88 MP: 23/23
 20472 | Depths:1 | Entered Level 1 of the Depths
 20624 | Orc:1    | Entered Level 1 of the Orcish Mines
 20650 | Orc:1    | Noticed an orc warlord
 20733 | D:9      | Received a gift from Okawaru
 20764 | D:9      | Reached skill level 5 in Throwing
 20768 | D:9      | Reached skill level 5 in Evocations
 20888 | D:9      | Reached skill level 5 in Armour
 20964 | Orc:1    | Killed an orc warlord
 21235 | Orc:1    | You are sucked into a shaft and drop 1 floor!
 21235 | Orc:2    | Entered Level 2 of the Orcish Mines
 21351 | Orc:2    | Noticed Nessos
 21382 | Orc:2    | Found Ziowef's Antique Weapon Emporium.
 21425 | Orc:2    | Identified the +6 hand axe of the Equator {protect, rElec
                  | rPois} (Okawaru gifted it to you on level 2 of the Orcish
                  | Mines)
 21425 | Orc:2    | Received a gift from Okawaru
 21446 | Orc:2    | Killed Nessos
 21529 | Orc:2    | Found Dokyse Cikyng's Armour Emporium.
 21539 | Orc:2    | Found a staircase to the Elven Halls.
 21557 | Elf:1    | Entered Level 1 of the Elven Halls
 21584 | Orc:2    | Found Zoc Unalebba's Jewellery Boutique.
 21595 | Orc:2    | Found Moqeijio's Antique Armour Shoppe.
 22555 | Lair:5   | Found a transporter.
 22559 | Lair:5   | Noticed Raspi's ghost (journeyman MiBe)
 22645 | Lair:5   | Found a transporter.
 22670 | Lair:5   | Received a gift from Okawaru
 22787 | Lair:5   | Received a gift from Okawaru
 23340 | Lair:5   | Reached XP level 16. HP: 93/93 MP: 24/24
 23967 | D:5      | Killed Sigmund
 24264 | D:4      | Killed phunky83's ghost
 24415 | Orc:2    | Bought a slimy ring mail for 189 gold pieces
 24415 | Orc:2    | Identified the +1 ring mail of Creativity {rC+ Str-5 SInv}
                  | (You bought it in a shop on level 2 of the Orcish Mines)
 24424 | Orc:2    | Bought a ring of poison resistance for 340 gold pieces
 24946 | Snake:1  | Received a gift from Okawaru
 25693 | Arena    | Entered the Arena
 25941 | Swamp:1  | Identified the +1 long sword of Heaxzec {venom, rElec
                  | Int+3}
 26205 | Swamp:1  | Reached skill level 15 in Fighting
 26502 | Swamp:2  | Noticed Donald
 26532 | Swamp:2  | Killed Donald
 27082 | Swamp:2  | Engulfed by a death drake's foul pestilence

Illustrated notes

Levels and vault maps discovered:
D:1:      kennysheep_arrival_seaside, layout_basic
D:2:      layout_loops_ring, dreamdust_princess_corridor, uniq_robin,
          uniq_jessica
D:3:      layout_loops_ring, serial_shops, nicolae_book_shop_shelving,
          shapermc_ecumenical_altar_flowoftime, kennysheep_generic_room_2
D:4:      layout_loops_ring, gammafunk_ghost_arena, st_stairs_8
D:5:      layout_cave_pools, nicolae_take_the_stairs, uniq_menkaure,
          uniq_sigmund
D:6:      layout_basic, minmay_temple_entry_statues_pillars, grunt_ministairs_8,
          minmay_circle_x
D:7:      layout_layer_cave, minmay_unpleasant_kobolds
D:8:      kennysheep_kobold_camp, layout_loops_ring,
          nicolae_tso_besieged_by_evil, minmay_overflow_temple_hex,
          serial_shops, shop, kennysheep_mini_moat, shop,
          nicolae_shop_tiny_waterfront, kb_lookout_dungeons_type,
          nicolae_fountain_basement
D:9:      layout_loops_corners, nicolae_gozag_cash_rules_everything_around_me,
          minmay_lair_entry_lava, hiddenorc2_lemuel, uniq_psyche
D:10:     nicolae_cairo_tiling_large_dashed, layout_long_grid, elyvilon_altar_5,
          uniq_harold
D:11:     layout_basic, uniq_lodul
D:12:     layout_basic
D:13:     layout_basic, portal_ice_cave_entry_ice_simulacra, uniq_frances
D:14:     layout_basic, grunt_vaults_entry_fortified,
          nicolae_kikubaaqudgha_miasma_corner, minmay_misc_feat_chi
D:15:     hangedman_depths_entry_civil_slaughter, layout_irregular_city,
          minivault_11, bh_walls_and_bars
Temple:   dshaligram_water_room_temple
Lair:1:   layout_chaotic_city, grunt_megastairs_4
Lair:2:   layout_regular_city, chequers_serial_rivers_micro_a, st_stairs_3,
          gammafunk_lair_bear_cave, lemuel_fruit_tree
Lair:3:   layout_long_grid, minmay_swamp_entry_worms,
          minmay_snake_entry_guardpost_small
Lair:4:   beargit_carnivore_pack, layout_cave_pods, uniq_kirke
Lair:5:   guppyfry_lair_end_dragon, layout_misc_corridors,
          minmay_slime_entry_jelly_boxes, gammafunk_ghost_arena,
          columned_hall_lemuel, pdpol_lair_cavern_descent
Swamp:1:  layout_basic_swamp, nicolae_swamp_trees_clearing, swamp_pool1
Swamp:2:  nicolae_swamp_tree_isthmus, layout_falls_marsh,
          evilmike_swamp_ruin_house_6, beargit_kiku_chapel, uniq_donald,
          uniq_louise
Swamp:3:  layout_falls_marsh, ebering_ghost_xom, nicolae_swamp_big_swirl
Snake:1:  layout_onion_interference
Snake:2:  cheibrodos_snake_ritualist_ritual, layout_gridlike, serial_shops, shop
Slime:1:  layout_caves
Orc:1:    layout_caves
Orc:2:    st_orc_open, layout_caves, minmay_orc_temple_c, uniq_nessos
Elf:1:    nicolae_elf_arrival_fired_up, layout_loops_cross, serial_shops,
          bzr_entry_dummy, shop, nicolae_shop_peninsula,
          nicolae_shop_back_alley_shop, minivault_28
Depths:1: layout_roguey, serial_shops, shop, pan_entry,
          grunt_hell_entry_demonic_statue, kennysheep_generic_room_8,
          serial_bayou_shore_a, minmay_shoptagon, uniq_saint_roka

Skill      XL: |  1  2  3  4  5  6  7  8  9 10 11 12 13 14 15 16 |
---------------+-------------------------------------------------+-----
Short Blades   | 2 3 5 6 8 9 10 | 10.0
Fighting       | 3 4 5 6 7 8 10 11 14 15 | 15.2
Shields        | 4 5 |  5.0
Dodging        | 2 5 6 9 10 11 12 | 12.5
Throwing       | 1 3 4 5 |  5.0
Evocations     | 1 3 4 5 |  5.0
Armour         | 4 7 8 |  8.8
Invocations    | 4 8 10 11 | 11.0
Long Blades    | 2 |  2.8
Transmutations | 1 |  1.0

Action                     |  1- 3 |  4- 6 |  7- 9 | 10-12 | 13-15 | 16-18 || total
---------------------------+-------+-------+-------+-------+-------+-------++-------
  Melee: Rapier            |    90 |   173 |     9 |       |   646 |   476 ||  1394
         Bite              |    14 |    51 |   134 |   521 |   944 |   242 ||  1906
         Short sword       |       |       |   367 |  1238 |  1230 |       ||  2835
         Double sword      |       |       |       |       |    39 |       ||    39
         Dagger            |       |       |       |       |    16 |    24 ||    40
  Throw: Stone             |     3 |       |       |     4 |       |       ||     7
         Dart              |       |     1 |     2 |     8 |    18 |       ||    29
         Boomerang         |       |       |       |    10 |    10 |     9 ||    29
 Invoke: Duel              |       |       |       |       |       |     1 ||     1
  Evoke: Wand              |       |     1 |       |     6 |       |     2 ||     9
    Use: Scroll            |       |     5 |     8 |    10 |    15 |     1 ||    39
         Potion            |       |       |     2 |     1 |       |     2 ||     5
   Stab: Invisible         |       |       |     2 |     2 |       |       ||     4
         Distracted        |       |       |       |     1 |       |       ||     1
         Paralysed         |       |       |       |       |       |     1 ||     1
 Armour: Scale mail        |    30 |    57 |    61 |   105 |    71 |       ||   324
         Chain mail        |       |       |       |       |   263 |   117 ||   380
  Dodge: Dodged            |    47 |    85 |   172 |   508 |  1124 |   212 ||  2148
  Block: Buckler           |    19 |    40 |   131 |   440 |   824 |   188 ||  1642
         Reflection        |       |       |     8 |     8 |    44 |     9 ||    69
